[Event "Titled Tuesday Blitz January 31 Late 2023"]
[White "Hambleton, Aman"]
[Black "Poltorak, Sebastian"]
[WhiteFideId "2606577"]
[BlackFideId "1199498"]
[WhiteElo "2420"]
[BlackElo "2354"]
[Result "1/2-1/2"]
[Round "06"]
[TimeControl "180+2"]
[Date "2023.01.31"]
[WhiteClock "0:00:03"]
[BlackClock "0:00:10"]

1. d4 Nf6 2. Bf4 b6 3. e3 Bb7 4. h3 g6 5. Nf3 Bg7 6. Be2 O-O 7. O-O d6 8. a4 a6 9. Bh2 Nfd7 10. c4 e5 11. Nc3 Nc6 12. Nd5 Ne7 13. Nxe7+ Qxe7 14. a5 Rfd8 15. Re1 d5 16. axb6 cxb6 17. cxd5 Bxd5 18. Bxa6 Qb4 19. Qa4 Qxa4 20. Rxa4 Bc6 21. Ra3 Bxf3 22. gxf3 exd4 23. Bb5 Rxa3 24. bxa3 Nc5 25. Rd1 Ne6 26. Bc4 dxe3 27. Rxd8+ Nxd8 28. fxe3 Bf8 29. a4 Bc5 30. Kf2 Kf8 31. Ke2 Ke7 32. Kd3 Nc6 33. e4 f6 34. Bd5 Ne5+ 35. Ke2 g5 36. Bg3 Kd6 37. f4 gxf4 38. Bxf4 Bd4 39. Kd2 Kc5 40. Bg8 h5 41. Bxe5 Bxe5 42. Bf7 h4 43. Kd3 Kb4 44. Be8 1/2-1/2


[Site "https://www.chess.com"]

[Event "Titled Tuesday Blitz January 31 Late 2023"]
[White "Al-Tarboush, Ward"]
[Black "Corrales Jimenez, Fidel"]
[WhiteFideId "7601450"]
[BlackFideId "3506690"]
[WhiteElo "2256"]
[BlackElo "2489"]
[Result "1-0"]
[Round "06"]
[TimeControl "180+2"]
[Date "2023.01.31"]
[WhiteClock "0:00:11"]
[BlackClock "0:00:28"]

1. e4 c5 2. Nf3 d6 3. d4 cxd4 4. Nxd4 Nf6 5. Nc3 g6 6. Be2 Bg7 7. O-O O-O 8. Be3 Nc6 9. h3 Nxd4 10. Bxd4 Bd7 11. Qd2 Bc6 12. Bf3 Nd7 13. Rad1 Bxd4 14. Qxd4 Qb6 15. Qxb6 Nxb6 16. b3 Rac8 17. Rd2 Rfd8 18. Rfd1 Kf8 19. Ne2 h5 20. Nd4 Nd7 21. Nxc6 bxc6 22. c4 a5 23. Be2 Rb8 24. f4 a4 25. e5 axb3 26. axb3 Rxb3 27. exd6 e6 28. Bf3 Rb6 29. g4 hxg4 30. hxg4 Nc5 31. Kg2 Ke8 32. Kg3 Kd7 33. f5 gxf5 34. gxf5 e5 35. f6 Rb3 36. Kf2 Rg8 37. Ra2 e4 38. Ra7+ Ke6 39. Re7+ Kxf6 40. Bxe4 Rb2+ 41. Kf3 Rh8 42. Rf1 Rh4 43. Kg3+ Kg5 44. Rf5+ Kh6 45. Kxh4 Ne6 46. Rf6+ Kg7 47. Rexf7+ Kg8 48. Bh7+ Kh8 49. Rxe6 Rb8 50. d7 Rg8 51. Re8 c5 52. Rxg8# 1-0


[Site "https://www.chess.com"]

[Event "Titled Tuesday Blitz January 31 Late 2023"]
[White "Ortega Amarelle, Mariano"]
[Black "Mekhitarian, Krikor Sevag"]
[WhiteFideId "3504301"]
[BlackFideId "2107660"]
[WhiteElo "2472"]
[BlackElo "2537"]
[Result "0-1"]
[Round "06"]
[TimeControl "180+2"]
[Date "2023.01.31"]
[WhiteClock "0:00:01"]
[BlackClock "0:00:24"]

1. e4 c5 2. Nf3 e6 3. d4 cxd4 4. Nxd4 Nf6 5. Nc3 Nc6 6. Ndb5 Bb4 7. a3 Bxc3+ 8. Nxc3 d5 9. Bd3 dxe4 10. Nxe4 Nxe4 11. Bxe4 Qxd1+ 12. Kxd1 Bd7 13. Be3 f5 14. Bf3 e5 15. Bd5 O-O-O 16. Kc1 Ne7 17. Bc4 b6 18. f4 Ng6 19. Ba6+ Kc7 20. fxe5 Bc6 21. Rg1 f4 22. Bd2 Rhe8 23. Bd3 Rxd3 24. cxd3 Kd7 25. d4 Ke6 26. Rf1 Bxg2 27. Rf2 f3 28. Be3 Nh4 29. Kd2 Rc8 30. Rc1 Rxc1 31. Kxc1 Nf5 32. Kd2 Kd5 33. Kd3 h6 34. b4 g5 35. e6 Kxe6 36. Ke4 Nd6+ 37. Kd3 Kd5 38. Rc2 Bf1+ 39. Kc3 Be2 40. Kb2 Ne4 0-1


[Site "https://www.chess.com"]

[Event "Titled Tuesday Blitz January 31 Late 2023"]
[White "Jaracz, Pawel"]
[Black "Schekachikhin, Maksim"]
[WhiteFideId "1102222"]
[BlackFideId "24177830"]
[WhiteElo "2467"]
[BlackElo "2371"]
[Result "1/2-1/2"]
[Round "06"]
[TimeControl "180+2"]
[Date "2023.01.31"]
[WhiteClock "0:00:05"]
[BlackClock "0:00:04"]

1. d4 d5 2. c4 e6 3. Nc3 Bb4 4. Qa4+ Nc6 5. e3 Nf6 6. Bd2 O-O 7. Qc2 Re8 8. Nge2 e5 9. cxd5 Nxd5 10. a3 Nxc3 11. bxc3 Ba5 12. g3 Bg4 13. O-O-O exd4 14. cxd4 Qd6 15. Kb2 Bf3 16. Rg1 Be4 17. Qc1 Bf3 18. Re1 b5 19. Nf4 Bxd2 20. Qxd2 Rab8 21. Nd3 Na5 22. Qb4 Nc4+ 23. Ka2 Qh6 24. h4 a5 25. Qc5 Qf6 26. Nf4 Nd2 27. Bd3 Ne4 28. Qc2 b4 29. Ka1 bxa3 30. Rb1 Nd6 31. Rxb8 Rxb8 32. Rb1 Rxb1+ 33. Kxb1 g6 34. Qxc7 Ne4 35. Qb8+ Kg7 36. Bxe4 Bxe4+ 37. Ka1 Qf5 38. Qe5+ Qxe5 39. dxe5 Kf8 40. Nh3 Bd5 41. Ng5 h6 42. Nh7+ Ke7 43. Nf6 Bb3 44. e4 Ke6 45. f4 g5 46. Ng4 gxf4 47. gxf4 Bc2 48. f5+ Ke7 49. Nf6 Bb3 50. Ng8+ Kf8 51. Nxh6 Bc2 52. Ng4 Bxe4 53. f6 Bd5 54. Ne3 Be6 55. Ng2 Kg8 56. Nf4 Bc4 57. Ng2 Kh7 58. Nf4 Kh6 59. Kb1 a4 60. Kc2 Bb3+ 61. Kc3 a2 62. Kb2 Kh7 63. Ka1 Kh6 64. h5 Kh7 65. Kb2 Kh6 66. Ka1 Kh7 67. Kb2 Kh6 68. e6 fxe6 69. Ng6 e5 70. Nxe5 Kxh5 71. f7 Bxf7 72. Nxf7 Kg6 73. Nd6 a1=Q+ 74. Kxa1 a3 75. Nc4 Kf6 76. Ka2 Ke6 77. Kxa3 1/2-1/2


[Site "https://www.chess.com"]

[Event "Titled Tuesday Blitz January 31 Late 2023"]
[White "Erdogdu, Mert"]
[Black "Ibadov, Dashgyn"]
[WhiteFideId "6301495"]
[BlackFideId "24107514"]
[WhiteElo "2413"]
[BlackElo "2391"]
[Result "1-0"]
[Round "06"]
[TimeControl "180+2"]
[Date "2023.01.31"]
[WhiteClock "0:00:25"]
[BlackClock "0:00:01"]

1. e4 e5 2. Nf3 Nc6 3. Bc4 Bc5 4. d3 Nf6 5. O-O d6 6. c3 a6 7. a4 Ba7 8. Na3 O-O 9. Bg5 h6 10. Bh4 g5 11. Bg3 Nh7 12. Nc2 Qf6 13. Ne3 Be6 14. Nd5 Bxd5 15. Bxd5 h5 16. h3 Qg6 17. d4 exd4 18. cxd4 Nf6 19. Bxc6 bxc6 20. e5 Ne4 21. Bh2 g4 22. hxg4 hxg4 23. Nh4 Qh5 24. Qd3 d5 25. Bg3 f5 26. exf6 Rxf6 27. Rac1 Raf8 28. Qe3 c5 29. dxc5 c6 30. b4 Bb8 31. Bxb8 Rxb8 32. g3 Rbf8 33. Rc2 Ng5 34. Kg2 Nh3 35. f4 Nxf4+ 36. gxf4 Re8 37. Qg3 Rfe6 38. Rcf2 Re3 39. Rf3 Re2+ 40. R1f2 Kh7 41. Rxe2 Rxe2+ 42. Rf2 Re4 43. f5 Rxb4 44. Qc7+ Kh6 45. Qg3 Qg5 46. f6 Rb8 47. Nf5+ Kg6 48. Ne7+ Kf7 49. Qxb8 1-0


[Site "https://www.chess.com"]

[Event "Titled Tuesday Blitz January 31 Late 2023"]
[White "Ismagilov, Damir"]
[Black "Harshavardhan G B"]
[WhiteFideId "34199982"]
[BlackFideId "25059009"]
[WhiteElo "2156"]
[BlackElo "2408"]
[Result "0-1"]
[Round "06"]
[TimeControl "180+2"]
[Date "2023.01.31"]
[WhiteClock "0:00:03"]
[BlackClock "0:00:38"]

1. e4 e5 2. Nf3 Nc6 3. Nc3 Nf6 4. a4 d5 5. Bb5 d4 6. Ne2 Bd6 7. d3 h6 8. h3 O-O 9. Bxc6 bxc6 10. g4 Nh7 11. Ng3 Be6 12. b3 Ng5 13. Nxg5 hxg5 14. Nf5 g6 15. Nxd6 cxd6 16. Bd2 Kg7 17. Qf3 Rh8 18. Kf1 f6 19. Kg2 d5 20. Qe2 c5 21. f3 c4 22. exd5 cxd3 23. Qxd3 Bxd5 24. Rad1 Rc8 25. c4 Bb7 26. b4 Qe8 27. Rhe1 Qxa4 28. Ra1 Qc6 29. Rxa7 Ra8 30. Rea1 Rxa7 31. Rxa7 Ra8 32. Rxa8 Bxa8 33. Qa3 e4 34. b5 Qxc4 35. Qe7+ Qf7 36. Qxf7+ Kxf7 37. fxe4 Bxe4+ 38. Kg3 Ke6 39. h4 gxh4+ 40. Kxh4 Kd5 41. g5 f5 42. Kg3 Kc4 43. Kf2 Kxb5 44. Ke1 Kc4 45. Bf4 Kd3 46. Bc1 Bd5 47. Kd1 Bc4 48. Ke1 Bb5 49. Kf2 Bc6 50. Ke1 Ke4 51. Ke2 f4 52. Bb2 Bb5+ 53. Kf2 d3 54. Bc3 Kf5 55. Bd2 Kxg5 56. Kf3 Bc6+ 57. Kf2 Kf5 58. Be1 g5 59. Bd2 g4 60. Be1 g3+ 61. Kg1 Kg4 62. Bd2 f3 63. Be3 Bb5 64. Bd2 f2+ 65. Kf1 Kf3 66. Be1 g2# 0-1


[Site "https://www.chess.com"]

[Event "Titled Tuesday Blitz January 31 Late 2023"]
[White "Khoroshev, Nikita"]
[Black "Ronka, Erik"]
[WhiteFideId "14200287"]
[BlackFideId "505080"]
[WhiteElo "2336"]
[BlackElo "2276"]
[Result "1-0"]
[Round "06"]
[TimeControl "180+2"]
[Date "2023.01.31"]
[WhiteClock "0:01:18"]
[BlackClock "0:00:08"]

1. e4 c5 2. c3 Nf6 3. e5 Nd5 4. d4 cxd4 5. Nf3 e6 6. cxd4 d6 7. Bc4 Be7 8. O-O O-O 9. Qe2 Nc6 10. Rd1 Bd7 11. Nc3 Nxc3 12. bxc3 dxe5 13. dxe5 Qc7 14. Qe4 f5 15. exf6 Bxf6 16. Bxe6+ Bxe6 17. Qxe6+ Kh8 18. Ba3 Rfd8 19. h4 Bxc3 20. Rxd8+ Rxd8 21. Ng5 Qd7 22. Qb3 Bxa1 23. Nf7+ Kg8 24. Nxd8+ Kh8 25. Nf7+ Kg8 26. Nh6+ Kh8 27. Qg8# 1-0


[Site "https://www.chess.com"]

[Event "Titled Tuesday Blitz January 31 Late 2023"]
[White "Wieczorek, Oskar"]
[Black "Golubev, Mikhail"]
[WhiteFideId "1133950"]
[BlackFideId "14100983"]
[WhiteElo "2512"]
[BlackElo "2461"]
[Result "0-1"]
[Round "06"]
[TimeControl "180+2"]
[Date "2023.01.31"]
[WhiteClock "0:01:13"]
[BlackClock "0:01:35"]

1. e4 c5 2. Nf3 d6 3. d4 cxd4 4. Nxd4 Nf6 5. Nc3 g6 6. Be2 Bg7 7. O-O O-O 8. Re1 Nc6 9. Nb3 Be6 10. Bf1 d5 11. Nc5 d4 12. Nxe6 fxe6 13. Na4 Qa5 14. b3 Ng4 15. f3 Ne3 16. Bxe3 dxe3 17. Rb1 Rad8 18. Bd3 b5 19. Nc5 Bd4 20. c3 e2+ 21. cxd4 exd1=Q 22. Rbxd1 Nxd4 0-1


[Site "https://www.chess.com"]

[Event "Titled Tuesday Blitz January 31 Late 2023"]
[White "Grycel, Kamil"]
[Black "Papasimakopoulos, Alexandros"]
[WhiteFideId "1115499"]
[BlackFideId "4244125"]
[WhiteElo "2315"]
[BlackElo "2401"]
[Result "0-1"]
[Round "06"]
[TimeControl "180+2"]
[Date "2023.01.31"]
[WhiteClock "0:00:51"]
[BlackClock "0:02:09"]

1. d4 e6 2. Nf3 Nf6 3. c4 c5 4. d5 b5 5. dxe6 fxe6 6. cxb5 d5 7. e3 a6 8. bxa6 Bd6 9. Bb5+ Bd7 10. a4 O-O 11. Nc3 Nxa6 12. O-O Nb4 13. b3 e5 14. Bxd7 Qxd7 15. Ba3 e4 16. Nd2 Be5 17. Rc1 Nd3 18. Rc2 Ng4 19. h3 Ndxf2 20. Qe2 Bh2# 0-1


[Site "https://www.chess.com"]

[Event "Titled Tuesday Blitz January 31 Late 2023"]
[White "Klekowski, Maciej"]
[Black "Donskov, Anatoly"]
[WhiteFideId "1132717"]
[BlackFideId "24143413"]
[WhiteElo "2477"]
[BlackElo "2279"]
[Result "1-0"]
[Round "06"]
[TimeControl "180+2"]
[Date "2023.01.31"]
[WhiteClock "0:03:00"]
[BlackClock "0:00:02"]

1. Nf3 d5 2. d3 Nf6 3. Nbd2 c5 4. g3 Nc6 5. Bg2 e6 6. e4 g6 7. O-O Bg7 8. Re1 O-O 9. c3 Kh8 10. Qe2 b6 11. Nf1 Ba6 12. e5 Nd7 13. Bf4 h6 14. h4 Qe7 15. Rad1 Rae8 16. Qe3 Kh7 17. N1h2 f6 18. exf6 Nxf6 19. Ne5 Nxe5 20. Bxe5 Nd7 21. Bxg7 Qxg7 22. d4 cxd4 23. cxd4 Nf6 24. Bh3 Ne4 25. f4 Qe7 26. Bg2 Bb7 27. a3 Rc8 28. Rc1 Qd7 29. Nf3 Rxc1 30. Rxc1 Rc8 31. Ne5 Qe8 32. Bxe4 dxe4 33. Kf2 Qb5 34. Rxc8 Bxc8 35. Qc3 Qe8 36. Qc7+ Kh8 37. Ke3 Kg8 38. Ng4 h5 39. Nf6+ 1-0


[Site "https://www.chess.com"]

[Event "Titled Tuesday Blitz January 31 Late 2023"]
[White "Krysa, Leandro"]
[Black "Przybylski, Wojciech"]
[WhiteFideId "116807"]
[BlackFideId "1117599"]
[WhiteElo "2541"]
[BlackElo "2321"]
[Result "1-0"]
[Round "06"]
[TimeControl "180+2"]
[Date "2023.01.31"]
[WhiteClock "0:00:06"]
[BlackClock "0:00:02"]

1. e4 c5 2. Nf3 e6 3. d4 cxd4 4. Nxd4 Nc6 5. Nc3 Qc7 6. g4 a6 7. Be3 b5 8. Nxc6 Qxc6 9. Bg2 Bb7 10. O-O b4 11. Nd5 Ne7 12. Re1 Ng6 13. Qd4 e5 14. Qd3 Bc5 15. c3 Bxe3 16. fxe3 bxc3 17. Qxc3 O-O 18. Rac1 Rfc8 19. Qd2 Qd6 20. Rf1 Bc6 21. Nf6+ Qxf6 22. Rxf6 gxf6 23. Qf2 Bb5 24. Rxc8+ Rxc8 25. Qxf6 Rc1+ 26. Kf2 Rc2+ 27. Kg3 Re2 28. h4 Rxe3+ 29. Kf2 Re2+ 30. Kg1 Nf4 31. Bf3 Re1+ 32. Kh2 Rf1 33. Qg5+ Kf8 34. Qd8+ Kg7 35. Kg3 Rg1+ 36. Kf2 Rf1+ 37. Ke3 Re1+ 38. Kd2 Rf1 39. Bd1 Rf2+ 40. Kc3 Rf1 41. Bb3 Rf3+ 42. Kb4 Nd3+ 43. Ka5 h6 44. g5 Nf4 45. gxh6+ Kxh6 46. Qg5+ Kh7 47. Bxf7 Ne6 48. Qg6+ Kh8 49. Qg8# 1-0


[Site "https://www.chess.com"]

[Event "Titled Tuesday Blitz January 31 Late 2023"]
[White "Cruz, William Ferreira Da"]
[Black "Costachi, Mihnea"]
[WhiteFideId "2118050"]
[BlackFideId "1217518"]
[WhiteElo "2216"]
[BlackElo "2476"]
[Result "1/2-1/2"]
[Round "06"]
[TimeControl "180+2"]
[Date "2023.01.31"]
[WhiteClock "0:00:21"]
[BlackClock "0:00:19"]

1. d4 g6 2. c4 Bg7 3. Nc3 d6 4. Nf3 Nc6 5. d5 Ne5 6. Nxe5 Bxe5 7. g3 Bg7 8. Bg2 e5 9. dxe6 fxe6 10. O-O Nf6 11. b3 O-O 12. Bb2 c6 13. e4 e5 14. Qd2 Be6 15. Rad1 Ne8 16. c5 Rf6 17. cxd6 Bg4 18. d7 Nd6 19. f3 Bxd7 20. Ba3 Bf8 21. Qe2 Qa5 22. Bb2 Re8 23. f4 Bc8 24. fxe5 Rxf1+ 25. Rxf1 Nf7 26. e6 Bxe6 27. e5 Bg7 28. Ne4 Bf5 29. Qc4 Qb5 30. Qxb5 cxb5 31. Nf6+ Bxf6 32. exf6 Bc8 33. Bd5 b6 34. Ba3 Be6 35. Bg2 Ne5 36. Re1 Nd3 37. Re3 Nc5 38. Bb2 Kf7 39. b4 Nd7 40. Bc6 Rd8 41. Rd3 Ke8 42. Rd6 Bf5 43. Kf2 Kf7 44. Bxd7 Rxd7 45. Rxd7+ Bxd7 46. Ke3 Ke6 47. Kd4 Bc6 48. a3 a5 49. bxa5 bxa5 50. Kc5 Bd7 51. Kb6 a4 52. Kc5 Kf7 53. Kd6 Bf5 54. Ke5 Bd3 55. Kf4 Bc4 56. g4 h5 57. gxh5 gxh5 58. Kg5 Be2 59. h4 Bf3 60. Kf4 Bg4 61. Kg5 Be2 62. Kf4 Bd1 63. Ke3 Ke6 64. Kd2 Bg4 65. Ke3 Kf7 66. Kf4 Be2 67. Ke3 Bc4 68. Bc3 Bb3 69. Kf4 Bd1 70. Kg5 Be2 71. Kh6 Bf3 72. Kg5 Be2 73. Kf4 Bd1 74. Ke3 Bg4 75. Kf4 Ke6 76. Kg5 Kf7 77. Kh6 Be2 78. Kg5 Bd1 79. Kf5 Be2 80. Kg5 Bf3 81. Kf4 Bd1 1/2-1/2


[Site "https://www.chess.com"]

[Event "Titled Tuesday Blitz January 31 Late 2023"]
[White "Tan, Zhongyi"]
[Black "Danielyan, Vahe"]
[WhiteFideId "8603642"]
[BlackFideId "13304828"]
[WhiteElo "2517"]
[BlackElo "2346"]
[Result "1-0"]
[Round "06"]
[TimeControl "180+2"]
[Date "2023.01.31"]
[WhiteClock "0:00:52"]
[BlackClock "0:00:02"]

1. d4 Nf6 2. c4 g6 3. Nc3 Bg7 4. e4 d6 5. h3 O-O 6. Be3 c6 7. Nf3 a6 8. a4 a5 9. Be2 Na6 10. O-O Nb4 11. Nd2 e5 12. d5 Bd7 13. Nb3 h6 14. c5 cxd5 15. exd5 Ne8 16. Nb5 f5 17. cxd6 f4 18. Bc5 Bf5 19. d7 Qxd7 20. Bxf8 Bxf8 21. Rc1 Rd8 22. Nc5 Qf7 23. Qb3 Kh7 24. Rfd1 e4 25. Ne6 Rxd5 26. Nxf8+ Qxf8 27. Rxd5 f3 28. Bf1 Qf7 29. Rd3 Qe7 30. Rdc3 Nc6 31. Qd5 Nf6 32. Qd6 Qf7 33. Nd4 Nxd4 34. Qxd4 1-0


[Site "https://www.chess.com"]

[Event "Titled Tuesday Blitz January 31 Late 2023"]
[White "Tristan, Leonardo"]
[Black "Tworuszka, Michal"]
[WhiteFideId "113816"]
[BlackFideId "1117858"]
[WhiteElo "2545"]
[BlackElo "2260"]
[Result "0-1"]
[Round "06"]
[TimeControl "180+2"]
[Date "2023.01.31"]
[WhiteClock "0:00:28"]
[BlackClock "0:00:31"]

1. d4 Nf6 2. Nf3 g6 3. Bf4 Bg7 4. e3 O-O 5. Be2 d6 6. O-O Nc6 7. c3 Nd7 8. e4 e5 9. Bg5 Qe8 10. Re1 h6 11. Be3 Nf6 12. dxe5 Nxe5 13. Nxe5 Qxe5 14. Bf3 Qb5 15. Qb3 Qxb3 16. axb3 a6 17. h3 Bd7 18. Nd2 Bc6 19. Bd4 Rfe8 20. e5 Nd5 21. Nc4 dxe5 22. Nxe5 Ne7 23. Nxc6 Nxc6 24. Rxe8+ Rxe8 25. Bxg7 Kxg7 26. Bxc6 bxc6 27. Rxa6 Re1+ 28. Kh2 Re2 29. Rxc6 Rxf2 30. Rxc7 Rxb2 31. b4 Kf6 32. Rc5 Ke6 33. b5 f5 34. Kg3 g5 35. Rc6+ Ke5 36. Rxh6 Rxb5 37. Rg6 Rc5 38. Rxg5 Rxc3+ 39. Kh4 Kf6 40. Rg3 Rc8 41. Kh5 Rh8# 0-1


[Site "https://www.chess.com"]

[Event "Titled Tuesday Blitz January 31 Late 2023"]
[White "Darini, Pouria"]
[Black "Kovacs, Klara"]
[WhiteFideId "12502200"]
[BlackFideId "733210"]
[WhiteElo "2401"]
[BlackElo "2121"]
[Result "1-0"]
[Round "06"]
[TimeControl "180+2"]
[Date "2023.01.31"]
[WhiteClock "0:01:52"]
[BlackClock "0:01:00"]

1. Nf3 d5 2. g3 Bg4 3. Bg2 Nd7 4. d4 Ngf6 5. O-O e6 6. c4 c6 7. Qb3 Qb6 8. Nc3 Be7 9. h3 Bh5 10. Bf4 O-O 11. c5 Qa6 12. Rfc1 Ne4 13. Bf1 b6 14. cxb6 axb6 15. Nxe4 dxe4 16. Ne5 Bxe2 17. Nxd7 Bxf1 18. Rxf1 Rfd8 19. Nxb6 Rxd4 20. Nxa8 Qxa8 21. Rfd1 1-0


[Site "https://www.chess.com"]

[Event "Titled Tuesday Blitz January 31 Late 2023"]
[White "Petkov, Momchil"]
[Black "Shubenkova, Veronika"]
[WhiteFideId "2921642"]
[BlackFideId "44124040"]
[WhiteElo "2522"]
[BlackElo "1960"]
[Result "1-0"]
[Round "06"]
[TimeControl "180+2"]
[Date "2023.01.31"]
[WhiteClock "0:00:15"]
[BlackClock "0:00:08"]

1. d4 d5 2. Nf3 e6 3. Bf4 Nf6 4. e3 Bd6 5. c3 O-O 6. Nbd2 Qe7 7. Bd3 Nbd7 8. Ne5 Rd8 9. Qf3 Nf8 10. Qh3 c5 11. Ndf3 Ne4 12. Ng4 cxd4 13. Bxd6 Qxd6 14. exd4 Qb6 15. Rb1 Ng6 16. Bxe4 dxe4 17. Ng5 h6 18. Nxh6+ gxh6 19. Qxh6 Qc7 20. h4 e3 21. Rh3 exf2+ 22. Kxf2 e5 23. Rf3 Nf4 24. Rxf4 exf4 25. Qh7+ Kf8 26. Re1 Be6 27. Rxe6 fxe6 28. Nxe6+ Ke8 29. Nxc7+ Kf8 30. Nxa8 Ke8 31. Nc7+ Kf8 32. Ne6+ Ke8 33. Nxd8 1-0


[Site "https://www.chess.com"]

[Event "Titled Tuesday Blitz January 31 Late 2023"]
[White "Martinez Ramirez, Lennis"]
[Black "Bas Mas, Jose Joaquin"]
[WhiteFideId "3509079"]
[BlackFideId "22219064"]
[WhiteElo "2426"]
[BlackElo "2197"]
[Result "0-1"]
[Round "06"]
[TimeControl "180+2"]
[Date "2023.01.31"]
[WhiteClock "0:00:01"]
[BlackClock "0:00:08"]

1. c4 Nf6 2. Nc3 e6 3. Nf3 d5 4. d4 Nbd7 5. g3 Be7 6. Bg2 O-O 7. O-O c6 8. Re1 a6 9. e4 dxe4 10. Nxe4 Nxe4 11. Rxe4 Nf6 12. Re2 a5 13. Be3 a4 14. Ne5 Qa5 15. g4 Rd8 16. Rd2 Nd7 17. Nd3 a3 18. b3 Bf6 19. Rc1 Nf8 20. b4 Qa4 21. g5 Qxd1+ 22. Rcxd1 Be7 23. h4 Ra4 24. Rb1 Ng6 25. h5 Nh4 26. Be4 g6 27. h6 Nf5 28. Bxf5 gxf5 29. f4 f6 30. gxf6 Bxf6 31. Ne5 Bxe5 32. fxe5 Kf7 33. Rg2 Rg8 34. Rxg8 Kxg8 35. Kf2 Kf7 36. Bd2 b5 37. c5 Ra7 38. Rg1 Kf8 39. Bg5 Bd7 40. Rg3 Be8 41. Bc1 Bg6 42. Bxa3 Kf7 43. Rc3 Rd7 44. Ke3 f4+ 45. Kxf4 Rxd4+ 46. Kg5 Re4 47. Rf3+ Ke7 48. Rf2 Rxe5+ 49. Kg4 Bf5+ 50. Kf4 Re4+ 51. Kf3 Rh4 52. Rd2 Rh3+ 53. Kf4 Rxa3 54. Rd6 Ra4 55. Rxc6 Rxb4+ 56. Kg5 Rg4+ 57. Kh5 Kf6 58. Rc8 Rg3 59. Rf8+ Ke5 0-1


[Site "https://www.chess.com"]

[Event "Titled Tuesday Blitz January 31 Late 2023"]
[White "Dzierzak, Radoslaw"]
[Black "Perske, Thore"]
[WhiteFideId "1161407"]
[BlackFideId "12902195"]
[WhiteElo "2220"]
[BlackElo "2448"]
[Result "0-1"]
[Round "06"]
[TimeControl "180+2"]
[Date "2023.01.31"]
[WhiteClock "0:00:05"]
[BlackClock "0:00:06"]

1. e4 e6 2. Nf3 d5 3. Nc3 Nf6 4. e5 Nfd7 5. Ne2 c5 6. c3 Nc6 7. d4 Qb6 8. a3 a5 9. Nf4 a4 10. h4 h6 11. h5 Be7 12. Be2 Na5 13. Qxa4 Qb3 14. Qxb3 Nxb3 15. Rb1 c4 16. Be3 Nb6 17. Bd1 Bd7 18. Nd2 Ba4 19. O-O Kd7 20. Nxb3 Bxb3 21. Ne2 Bxd1 22. Rfxd1 Kc6 23. Nc1 Ra5 24. Na2 Na4 25. Nb4+ Bxb4 26. cxb4 Raa8 27. b3 Nc3 28. bxc4 Nxd1 29. cxd5+ Kxd5 30. Rxd1 Rhc8 31. Ra1 Rc3 32. a4 Rc4 33. Bd2 Rxd4 34. Bc3 Rc4 35. Be1 Kxe5 36. a5 Rac8 37. Kh2 Rc1 38. Rxc1 Rxc1 39. Bd2 Rc2 40. Be3 Kd5 41. Kg3 Rb2 42. Bc5 e5 43. Bf8 g6 44. hxg6 fxg6 45. Bxh6 Rb3+ 46. Kg4 Rxb4+ 47. Kg3 Rb5 48. Bd2 Ke4 49. f3+ Kf5 50. Kh4 Rb2 51. g4+ Ke6 52. Be1 Re2 53. Bb4 Re3 54. Kg3 g5 55. Kf2 Rd3 56. Be1 Kd5 57. Ke2 e4 58. fxe4+ Kxe4 59. Bd2 Ra3 60. Bxg5 Rxa5 61. Bd2 Ra2 62. g5 Kf5 63. Kd3 Ra4 64. Kc3 Re4 65. Kb3 Re6 66. Bc1 Ke4 67. Kb4 Kd5 68. Kb5 Rc6 69. Be3 Re6 70. Bd2 Kd4 71. Bc1 Kd3 72. Bf4 Ke4 73. Bc1 Kf5 74. Bd2 Kg6 75. Bc1 Kf7 76. Bd2 Ke8 77. Bc1 Kd7 78. Bd2 Kc8 79. Bf4 b6 80. Bd2 Kb7 81. Bf4 Rc6 82. Be3 Rd6 83. Kb4 Kc6 84. Kc4 Re6 85. Kb4 b5 86. Bf2 Re4+ 87. Kb3 Rg4 88. Be3 b4 89. Kc2 Kb5 90. Bd2 Kc4 91. Kb2 Rg2 92. Kc2 b3+ 93. Kb2 Rxd2+ 94. Ka1 Rg2 95. g6 Kc3 96. Kb1 Rg1# 0-1


[Site "https://www.chess.com"]

[Event "Titled Tuesday Blitz January 31 Late 2023"]
[White "EREBUNI91"]
[Black "Prydun, Andriy"]
[BlackFideId "14145898"]
[WhiteElo "2685"]
[BlackElo "2134"]
[Result "0-1"]
[Round "06"]
[TimeControl "180+2"]
[Date "2023.01.31"]
[WhiteClock "0:00:21"]
[BlackClock "0:00:05"]

1. e4 c6 2. d4 d5 3. exd5 cxd5 4. Bd3 Nd7 5. Bf4 Nb6 6. Nf3 Bg4 7. O-O Nf6 8. h3 Bh5 9. a4 a6 10. a5 Nc8 11. c3 Bxf3 12. Qxf3 e6 13. Nd2 Bd6 14. Bg5 Be7 15. b4 O-O 16. Nb3 Nd6 17. Nc5 Rc8 18. Bf4 Nfe4 19. Nxe4 dxe4 20. Bxe4 Nxe4 21. Qxe4 Rxc3 22. Qxb7 Qxd4 23. Qxe7 Qxf4 24. Qb7 Qc4 25. Rfd1 h6 26. Qb6 Rc8 27. Rd8+ Rxd8 28. Qxd8+ Kh7 29. Qb6 Rb3 30. Qb7 Kg6 31. Rd1 Rxb4 32. Qf3 Ra4 33. Rd7 Qc1+ 34. Kh2 Qf4+ 35. Qxf4 Rxf4 36. Rd6 Rxf2 37. Rxa6 Ra2 38. Kg3 Ra4 39. Kf3 Kf6 40. g3 g5 41. g4 h5 42. gxh5 Rh4 43. Kg3 Rxh5 44. Ra8 Rh4 45. Rb8 Ra4 46. Rb5 Kg6 47. Kf3 f5 48. Re5 Kf6 49. Rb5 Ra3+ 50. Kg2 f4 51. Rc5 Rg3+ 52. Kh2 Ra3 53. Kg2 e5 54. Rc6+ Kf5 55. a6 Ra2+ 56. Kg1 f3 57. Kf1 Kf4 58. Kg1 Kg3 0-1


[Site "https://www.chess.com"]

[Event "Titled Tuesday Blitz January 31 Late 2023"]
[White "Vlassov, Nikolai"]
[Black "Can, Melih Kaan"]
[WhiteFideId "4103360"]
[BlackFideId "6317383"]
[WhiteElo "2283"]
[BlackElo "2069"]
[Result "1/2-1/2"]
[Round "06"]
[TimeControl "180+2"]
[Date "2023.01.31"]
[WhiteClock "0:00:18"]
[BlackClock "0:00:04"]

1. e4 c5 2. c3 d5 3. exd5 Qxd5 4. d4 Nf6 5. Nf3 e6 6. a3 Nc6 7. Be3 cxd4 8. cxd4 Be7 9. Nc3 Qd6 10. Qc2 O-O 11. Bd3 b6 12. Ne4 Nxe4 13. Bxe4 Bb7 14. Bxh7+ Kh8 15. Be4 Rac8 16. Qe2 f5 17. Bc2 e5 18. dxe5 Nxe5 19. Nxe5 Qxe5 20. Qh5+ Kg8 21. Bb3+ Bd5 22. Bxd5+ Qxd5 23. O-O Rc2 24. Rad1 Qe6 25. Rd2 Rxd2 26. Bxd2 Bf6 27. Re1 Qd5 28. Bc3 Bxc3 29. bxc3 Qc5 30. Qf3 Qxa3 31. g4 fxg4 32. Qd5+ Kh7 33. Re5 Qc1+ 34. Kg2 Qf4 35. Qd3+ Kg8 36. Qd5+ Qf7 37. Qd4 Qf3+ 38. Kg1 Qf4 39. Re4 Qc1+ 40. Kg2 Qg5 41. Rxg4 Qf6 42. Qd5+ Qf7 43. Qd4 Qb7+ 44. Kg3 Qc7+ 45. f4 Qf7 46. Rg5 Re8 47. h4 Qe7 48. Qd5+ Qf7 49. Qd4 Qe7 50. Qd5+ Qf7 51. Qd4 1/2-1/2


[Site "https://www.chess.com"]

[Event "Titled Tuesday Blitz January 31 Late 2023"]
[White "Garrido, Denis"]
[Black "Gubajdullin, Alexei"]
[WhiteFideId "601217"]
[BlackFideId "4141202"]
[WhiteElo "2205"]
[BlackElo "2285"]
[Result "0-1"]
[Round "06"]
[TimeControl "180+2"]
[Date "2023.01.31"]
[WhiteClock "0:00:40"]
[BlackClock "0:01:43"]

1. e4 c5 2. Nf3 Nc6 3. Bb5 g6 4. Bxc6 bxc6 5. O-O Bg7 6. c3 Nh6 7. d4 cxd4 8. cxd4 f6 9. Be3 Nf7 10. Re1 d6 11. Nbd2 O-O 12. Rc1 Bd7 13. a3 a5 14. Qb3 Qb8 15. Qa2 Qb5 16. Nc4 Rfb8 17. Rc2 Be6 18. d5 cxd5 19. Nd4 Qd7 20. Nxe6 Qxe6 21. Nb6 Qxe4 22. Rc7 Rxb6 23. Bd2 Qd3 24. Bc3 e5 25. h4 Rf8 26. Re3 Qd1+ 27. Kh2 d4 28. Re1 Qc2 29. Bxa5 Qxc7 30. Bxb6 Qxb6 31. Rc1 d3 0-1


[Site "https://www.chess.com"]